 Dungeon Crawl Stone Soup version 0.27-a0-287-gd4424db430 (webtiles) character file.

Game seed: 1692433914651909255

7 skwiii the Stinger (level 2, -1/15 HPs)
             Began as a Tengu Venom Mage on Feb 9, 2021.
             Slain by a kobold
             ... wielding a +1 whip of pain
              (3 damage)
             ... on level 1 of the Dungeon.
             The game lasted 00:02:10 (167 turns).

skwiii the Stinger (Tengu Venom Mage)                Turns: 167, Time: 00:02:11

Health: -1/15      AC:  2    Str:  8    XL:     2   Next: 4%
Magic:  0/6        EV: 12    Int: 15    God:
Gold:   0          SH:  0    Dex: 14    Spells: 4/5 levels left

rFire    . . .     SeeInvis .   (no weapon)
rCold    . . .     Faith    .   (no shield)
rNeg     . . .     Spirit   .   a - +0 robe
rPois    .         Reflect  .   (helmet restricted)
rElec    .         Harm     .   (no cloak)
rCorr    .         Rampage  .   (no gloves)
Will     .....                  (boots unavailable)
Stlth    ++........             (no amulet)
HPRegen  0.05/turn              (no ring)
MPRegen  0.10/turn              (no ring)

@: no status effects
A: beak, talons 3
a: no special abilities


You were on level 1 of the Dungeon.
You visited 1 branch of the dungeon, and saw 1 of its levels.

Inventory:

Armour
 a - a +0 robe (worn)


   Skills:
 - Level 2.1 Dodging
 - Level 2.0 Stealth
 + Level 2.2 Spellcasting
 - Level 0.7 Transmutations
 + Level 3.3 Poison Magic


You had 4 spell levels left.
You knew the following spells:

 Your Spells              Type           Power        Failure   Level
a - Sting                 Tmut/Pois      28%          10%         1

Your spell library contained the following spells:

 Spells                   Type           Power        Failure   Level
 Poisonous Vapours        Pois/Air       12%          17%         2
 Ignite Poison            Fire/Tmut/Pois 5%           36%         3
 Mephitic Cloud           Conj/Pois/Air  5%           38%         3
 Olgreb's Toxic Radiance  Pois           11%          50%         4


Dungeon Overview and Level Annotations

Branches:
Dungeon (1/15)

Altars:


Innate Abilities, Weirdness & Mutations

You have a beak for a mouth.
You have claws for feet.


Message History

The plant is lightly damaged.
The hobgoblin hits you but does no damage.
The kobold barely misses you.
The hobgoblin hits the fungus with a +0 dagger.
A nearby plant withers and dies.
Aiming: Sting (safe; 10% risk of failure)
Press: ? - help, Q - select action Shift-Dir - straight line, f/p - hobgoblin
Aim: a hobgoblin, wielding a +0 dagger (32% to evade)
The sting hits the hobgoblin.
The hobgoblin is poisoned.
The hobgoblin is lightly wounded.
A nearby fungus withers and dies.
The hobgoblin hits you.
* * * LOW HITPOINT WARNING * * *
You hit the hobgoblin but do no damage. Your kick misses the hobgoblin.
The hobgoblin is moderately wounded.
The hobgoblin barely misses you. The kobold closely misses you.
You closely miss the hobgoblin. Your kick misses the hobgoblin.
The hobgoblin is moderately wounded.
The hobgoblin barely misses you.
The kobold hits you with a +1 whip of pain.
You die...

...♣.....P....P...#..#.
.........P..♣..♣........
#......P...P.♣♣.........
#(............♣.........
#.....P.....P†..P.......
#...P....<....♣.P.....#
#..................$...
#........(.....K♣.####.
#.♣....P.....♣gg@.#
#.....P..P..♣♣.♣P.#
#....♣.....♣....###
##..PP...)P.♣.♣##
##....♣.....P#
##...######## #####


You could see 2 hobgoblins and a kobold.

Vanquished Creatures
  2 hobgoblins (D:1)
  2 bats (D:1)
  A goblin (D:1)
  A kobold (D:1)
  2 rats (D:1)
8 creatures vanquished.

Vanquished Creatures (others)
  3 fungi (D:1)
  2 plants (D:1)
5 creatures vanquished.

Grand Total: 13 creatures vanquished

Notes
Turn   | Place    | Note
-------+----------+-------------------------------------------
     0 | D:1      | skwiii the Tengu Venom Mage began the quest for the Orb.
     0 | D:1      | Reached XP level 1. HP: 10/10 MP: 4/4
   136 | D:1      | Reached XP level 2. HP: 10/15 MP: 0/6
   167 | D:1      | Slain by a kobold

Illustrated notes

Levels and vault maps discovered:
D:1:      wander_arrival_fairy_ring, layout_basic

Action                   || total
-------------------------++-------
Melee: Unarmed           ||     5
       Kick              ||     2
 Cast: Sting             ||    12
Armor: Robe              ||    14
Dodge: Dodged            ||    40

Table legend: (Time is in decaauts)
 A = Elapsed time spent in this place.
 B = Non-inter-level travel time spent in this place.
 C = Inter-level travel time spent in this place.
 D = Time resting spent in this place.
 E = Time spent auto-exploring this place.
 F = Levels seen in this place.
 G = Mean time per level.
                   A        B        C        D        E       F      G
               +--------+--------+--------+--------+--------+-----+--------+
         Total |    167 |    167 |      0 |      0 |     73 |   1 |  167.0 |
       Dungeon |    167 |    167 |      0 |      0 |     73 |   1 |  167.0 |
               +--------+--------+--------+--------+--------+-----+--------+

Top non-repeatable levels by time:
     D:1: 167 daAuts
